 Dungeon Crawl Stone Soup version 0.28-a0-1235-g7c8fac35f0 (webtiles) character file.

Game seed: 1394346993062100045

147 r3xj the Cudgeller (level 5, 0/47 HPs)
             Began as a Minotaur Fighter on Dec 25, 2021.
             Slain by an ogre (32 damage)
             ... on level 4 of the Dungeon.
             The game lasted 00:03:47 (2377 turns).

r3xj the Cudgeller (Minotaur Fighter)               Turns: 2377, Time: 00:03:47

Health: 0/47       AC:  9    Str: 22    XL:     5   Next: 8%
Magic:  4/4        EV:  9    Int:  5    God:
Gold:   63         SH:  4    Dex: 10    Spells: 4/4 levels left

rFire   . . .      SeeInvis .   a - +0 flail
rCold   . . .      Faith    .   c - +0 buckler
rNeg    . . .      Spirit   .   b - +0 scale mail
rPois   .          Reflect  .   (helmet restricted)
rElec   .          Harm     .   (no cloak)
rCorr   .          Rampage  .   i - +1 pair of gloves
Will    .....                   (no boots)
Stlth   ..........              (no amulet)
HPRegen 0.15/turn               (no ring)
MPRegen 0.09/turn               (no ring)

@: no status effects
A: horns 2, retaliatory headbutt
a: no special abilities


You were on level 4 of the Dungeon.
You visited 1 branch of the dungeon, and saw 4 of its levels.

You collected 63 gold pieces.

Inventory:

Hand Weapons
 a - a +0 flail (weapon)
Missiles
 j - 5 poisoned darts (quivered)
Armour
 b - a +0 scale mail (worn)
 c - a +0 buckler (worn)
 i - a +1 pair of gloves (worn)
Scrolls
 e - 2 scrolls of noise {unknown}
 f - 2 scrolls of identify {unknown}
 g - 2 scrolls of blinking {unknown}
 h - a scroll of vulnerability {unknown}
 k - a scroll of magic mapping {unknown}
 l - a scroll of enchant armour {unknown}
 m - a scroll of summoning {unknown}
Potions
 d - a potion of might
 n - a potion of curing {unknown}


   Skills:
 + Level 4.9 Fighting
 * Level 5.0 Maces & Flails
 - Level 4.0 Armour
 - Level 4.0 Shields


You had 4 spell levels left.
You didn't know any spells.
Your spell library contained the following spells:

 Spells                   Type           Power      Damage    Failure   Level
 Freeze                   Ice            0%         1d3       80%         1
 Pain                     Necr           0%         1d4       80%         1
 Frozen Ramparts          Ice            0%         1d2       99%         3
 Hailstorm                Conj/Ice       0%         3d3       100%        4
 Agony                    Necr           0%         N/A       100%        5
 Excruciating Wounds      Necr           0%         N/A       100%        5


Dungeon Overview and Level Annotations

Branches:
Dungeon (4/15)
 Temple: D:4-7

Altars:

Annotations:
D:2 1 runed translucent door, Crazy Yiuf


Innate Abilities, Weirdness & Mutations

You have a pair of horns on your head.
You reflexively headbutt those who attack you in melee.


Message History

You climb downwards.
There is a stone staircase leading up here.
You start putting on your armour.
You continue putting on your +1 pair of gloves. x4
You finish putting on your +1 pair of gloves.
Found 12 bolts.
Found a stone staircase leading down.
No target in view!
An ogre comes into view. It is wielding a +0 giant club.
Found 22 sling bullets.
The ogre shouts!
Found a scroll labelled ENAUMIAXUTU.
An ogre is nearby!
An ogre is nearby!
The ogre barely misses you.
An ogre is nearby!
You hit the ogre.
The ogre is lightly wounded.
You block the ogre's attack.
An ogre is nearby!
You sock the ogre! You headbutt the ogre.
The ogre is heavily wounded.
The ogre hits you with a +0 giant club.
An ogre is nearby!
You hit the ogre.
The ogre is heavily wounded.
The ogre closely misses you.
An ogre is nearby!
You hit the ogre but do no damage.
The ogre is heavily wounded.
The ogre hits you with a +0 giant club!
An ogre is nearby!
You hit the ogre but do no damage. Your headbutt misses the ogre.
The ogre is heavily wounded.
You block the ogre's attack.
An ogre is nearby!
You closely miss the ogre.
The ogre is heavily wounded.
The ogre hits you with a +0 giant club!!
Ouch! That really hurt!
You die...

#.... .... ...?
. #..# .##.(#
..#..# #.#O.# #.
#.#@.# #.##.#..#
#.##(#..#
#.##....#
#.......#
#.....>.#
#.#.....#.# .
....##.#.....###
..
#...##.#.....#


You could see an ogre.

Vanquished Creatures
  A hound (D:2)
  Robin (D:3)
  3 adders
  A worm (D:3)
  3 dart slugs
  7 bats
  9 endoplasms
  2 giant cockroaches
  14 goblins
  6 hobgoblins
  4 jackals (D:2)
  2 quokkas (D:2)
  3 ball pythons
  A frilled lizard (D:1)
  4 kobolds
  4 rats
65 creatures vanquished.

Notes
Turn   | Place    | Note
-------+----------+-------------------------------------------
     0 | D:1      | r3xj the Minotaur Fighter began the quest for the Orb.
     0 | D:1      | Reached XP level 1. HP: 19/19 MP: 0/0
    92 | D:1      | Reached XP level 2. HP: 22/27 MP: 1/1
   631 | D:2      | Reached skill level 3 in Maces & Flails
   849 | D:2      | Reached XP level 3. HP: 33/33 MP: 2/2
  1192 | D:2      | Reached skill level 4 in Maces & Flails
  1196 | D:2      | Reached XP level 4. HP: 24/41 MP: 3/3
  1575 | D:2      | Found a runed translucent door.
  1576 | D:2      | Noticed Crazy Yiuf
  1624 | D:3      | Found a faded altar of an unknown god.
  1880 | D:3      | Noticed Robin
  1889 | D:3      | Killed Robin
  2004 | D:3      | Reached XP level 5. HP: 46/47 MP: 4/4
  2055 | D:3      | Reached skill level 5 in Maces & Flails
  2368 | D:4      | Noticed an ogre
  2377 | D:4      | Slain by an ogre

Illustrated notes

Levels and vault maps discovered:
D:1:      wander_arrival_lonely_grave, layout_rooms
D:2:      layout_basic, amcnicky_mini_rare_corridor_liquid,
          uniq_crazy_yiuf_cottage
D:3:      layout_rooms, ebering_ecumenical_altar_webs, uniq_robin
D:4:      layout_basic, lemuel_coloured_pillars_altar, minmay_cupped

Skill      XL: |  1  2  3  4  5 |
---------------+----------------+-----
Maces & Flails | 3 4 5 |  5.0
Armour         | 4 |  4.0
Fighting       | 4 |  4.9
Shields        | 4 |  4.0

Action                   |  1- 3 |  4- 6 || total
-------------------------+-------+-------++-------
Melee: Flail             |    73 |    66 ||   139
       Headbutt          |     6 |    12 ||    18
Armor: Scale mail        |    37 |    13 ||    50
Dodge: Dodged            |    41 |    19 ||    60
Block: Buckler           |    16 |    13 ||    29

Table legend: (Time is in decaauts)
 A = Elapsed time spent in this place.
 B = Non-inter-level travel time spent in this place.
 C = Inter-level travel time spent in this place.
 D = Time resting spent in this place.
 E = Time spent auto-exploring this place.
 F = Levels seen in this place.
 G = Mean time per level.
                   A        B        C        D        E       F      G
               +--------+--------+--------+--------+--------+-----+--------+
         Total |   2405 |   2204 |    201 |      0 |   1830 |   4 |  601.2 |
       Dungeon |   2405 |   2204 |    201 |      0 |   1830 |   4 |  601.2 |
               +--------+--------+--------+--------+--------+-----+--------+

Top non-repeatable levels by time:
     D:2: 1217 daAuts
     D:1: 622 daAuts
     D:3: 528 daAuts
     D:4: 36 daAuts
